 Dungeon Crawl Stone Soup version 0.30.0 (webtiles) character file.

Game seed: 15715069468417598199

1 workbot the Stinger (level 1, -2/16 HPs)
             Began as an Ogre Venom Mage on May 5, 2023.
             Frozen to death by an endoplasm (4 damage)
             ... on level 1 of the Dungeon.
             The game lasted 00:00:36 (72 turns).

workbot the Stinger (Ogre Venom Mage)                 Turns: 72, Time: 00:00:37

Health: -2/16      AC:  3    Str: 11    XL:     1   Next: 20%
Magic:  0/3        EV:  9    Int: 16    God:
Gold:   6          SH:  0    Dex:  9    Spells: 3/4 levels left

rFire   + . .        (no weapon)
rCold   . . .        (no shield)
rNeg    . . .        a - +0 robe
rPois   .            (helmet restricted)
rElec   .            (no cloak)
rCorr   .            (gloves unavailable)
SInv    .            (boots unavailable)
Will    .....        (no amulet)
Stlth   +            c - ring of protection from fire
HPRegen 0.22/turn    (no ring)
MPRegen 0.08/turn

%: no passive effects
@: no status effects
A: large, unfitting armour, tough skin 1
a: no special abilities


You were on level 1 of the Dungeon.
You visited 1 branch of the dungeon, and saw 1 of its levels.

You collected 6 gold pieces.

Inventory:

Armour
 a - a +0 robe (worn)
Jewellery
 c - a ring of protection from fire (left hand)
Scrolls
 d - a scroll of immolation {unknown}
Potions
 b - a potion of magic


   Skills:
 - Level 1.7 Dodging
 - Level 1.4 Stealth
 + Level 2.4 Spellcasting
 + Level 1.0 Transmutations
 + Level 2.7 Poison Magic


You had 3 spell levels left.
You knew the following spells:

 Your Spells              Type           Power      Damage    Failure   Level
a - Sting                 Tmut/Pois      28%        1d4       10%         1

Your spell library contained the following spells:

 Spells                   Type           Power      Damage    Failure   Level
 Poisonous Vapours        Pois/Air       12%        N/A       17%         2
 Mephitic Cloud           Conj/Pois/Air  4%         N/A       38%         3
 Olgreb's Toxic Radiance  Pois           10%        N/A       54%         4


Dungeon Overview and Level Annotations

Branches:
Dungeon (1/15)

Altars:

Annotations:
D:1 1 transporter


Innate Abilities, Weirdness & Mutations

You are too large for most types of armour.
You have tough skin. (AC +1)


Message History

Aim: an endoplasm (lightly wounded, poisoned, 97% to hit)
The sting hits the endoplasm.
The endoplasm partially resists.
The endoplasm looks even sicker.
The endoplasm is moderately wounded.
The endoplasm hits you but does no damage.
The bat hits you but does no damage.
You hit the endoplasm.
The endoplasm is heavily wounded.
The bat hits you but does no damage. The bat barely misses you.
The endoplasm freezes you.
You are frozen.
The bat hits you but does no damage.
You completely miss the endoplasm.
The endoplasm is heavily wounded.
The bat hits you.
The endoplasm hits you but does no damage.
You hit the endoplasm.
The endoplasm is severely wounded.
The endoplasm hits you. The endoplasm freezes you.
You are frozen.
You hit the endoplasm but do no damage.
The endoplasm is almost dead.
You kill the endoplasm!
The bat closely misses you. The endoplasm closely misses you.
Your Transmutations skill increases to level 1!
You miss the bat. The bat barely misses you. x2
The endoplasm freezes you.
You are frozen.
* * * LOW HITPOINT WARNING * * *
You hit the bat.
The bat is moderately wounded.
The bat barely misses you. The endoplasm barely misses you.
The bat closely misses you.
You hit the endoplasm.
The endoplasm is heavily wounded.
The bat hits you.
* * * LOW HITPOINT WARNING * * *
The endoplasm freezes you.
You are frozen.
You die...

#.###.#.#.#
#.##..#.###
####.#...#.#
#......#...# #
.###.##.#...#.#### .#
..#..............# ..
#.#....####......#.#
#.#....# #........#
#.#....####..b@....###
#.#.####.#.###J.......
#.#.# #.#.## #..#..#.#
#...# ##.#.# #..# .#
#...###.#.## #.## #
#......#### ..#
###....# ... #....#
... #...... ....


You could see an endoplasm and a bat.

Vanquished Creatures
  An endoplasm (D:1)
1 creature vanquished.

Notes
Turn   | Place    | Note
-------+----------+-------------------------------------------
     0 | D:1      | workbot the Ogre Venom Mage began the quest for the Orb.
     0 | D:1      | Reached XP level 1. HP: 16/16 MP: 3/3
    69 | D:1      | Reached skill level 1 in Transmutations
    72 | D:1      | Frozen to death by an endoplasm

Illustrated notes

Levels and vault maps discovered:
D:1:      spicycebolla_arrival_risky_transporter, layout_loops_ring,
          minivault_24

Skill      XL: |  1 |
---------------+----+-----
Transmutations | 1 |  1.0
Dodging        | |  1.7
Stealth        | |  1.4
Spellcasting   | |  2.4
Poison Magic   | |  2.7

Action                     || total
---------------------------++-------
  Melee: Unarmed           ||     7
   Cast: Sting             ||     3
 Armour: Robe              ||     5
  Dodge: Dodged            ||     8
